 Dungeon Crawl Stone Soup version 0.18.1-48-g4cf74bf (webtiles) character file.

276 Heedrag the Conjurer (level 6, -1/32 HPs)
             Began as a Deep Elf Conjurer on Aug 14, 2016.
             Killed from afar by an orc wizard (6 damage)
             ... with a magic dart
             ... on level 4 of the Dungeon.
             The game lasted 00:08:13 (3015 turns).

Heedrag the Conjurer (Deep Elf Conjurer)            Turns: 3015, Time: 00:08:13

Health: -1/32      AC:  3    Str:  7    XL:     6   Next: 4%
Magic:  1/15       EV: 13    Int: 20    God:
Gold:   86         SH:  0    Dex: 15    Spells: 3 memorised, 5 levels left

rFire  . . .     SeeInvis +     h - +0 dagger
rCold  . . .     Gourm    .     a - +0 robe
rNeg   . . .     Faith    .     (no shield)
rPois  .         Spirit   .     u - +0 helmet
rElec  .         Dismiss  .     (no cloak)
rCorr  .         Reflect  .     (no gloves)
SustAt .         Harm     .     (no boots)
MR     .....                    (no amulet)
Stlth  ++........               C - ring of see invisible
                                x - ring of wizardry

@: very slightly contaminated, not resistant to hostile enchantments, unstealthy
A: no striking features
a: no special abilities


You were on level 4 of the Dungeon.
You were very hungry.

You visited 1 branch of the dungeon, and saw 4 of its levels.

You collected 86 gold pieces.

Inventory:

Hand Weapons
 h - a +0 dagger (weapon)
Armour
 a - a +0 robe (worn)
 u - a +0 helmet (worn)
Jewellery
 g - an uncursed ring of protection from fire
 m - a cursed +2 ring of protection
 o - an uncursed ring of protection from fire
 q - an uncursed ring of fire
 r - an uncursed ring of poison resistance
 v - an uncursed ring of flight
 x - a ring of wizardry (left hand)
 A - an uncursed ring of positive energy {unknown}
 C - a ring of see invisible (right hand)
Scrolls
 d - 4 scrolls of identify {unknown}
 e - 2 scrolls of enchant weapon {unknown}
 f - 2 scrolls of teleportation {unknown}
 i - a scroll of magic mapping {unknown}
 l - 2 scrolls of blinking {unknown}
 n - a scroll of fear {unknown}
 p - a scroll of enchant armour {unknown}
 s - a scroll of remove curse {unknown}
 y - a scroll of fog {unknown}
 B - a scroll of recharging {unknown}
Potions
 k - 2 potions of degeneration {unknown}
 w - 3 potions of agility
 z - 2 potions of curing {unknown}
Books
 b - a book of Conjurations

   Spells                             Type                      Level
   a - Magic Dart                     Conjuration                  1
   b - Searing Ray                    Conjuration                  2
   c - Dazzling Spray                 Conjuration/Hexes            3
   d - Fulminant Prism                Conjuration/Hexes            4
   e - Iskenderun's Mystic Blast      Conjuration                  4
   f - Iskenderun's Battlesphere      Conjuration/Charms           5
Comestibles
 c - 3 bread rations
 j - 2 meat rations
 t - a slice of pizza


   Skills:
 - Level 2.4 Dodging
 - Level 2.4 Stealth
 + Level 5.3 Spellcasting
 * Level 7.0 Conjurations
 + Level 1.1 Charms


You had 5 spell levels left.
You knew the following spells:

 Your Spells              Type           Power        Failure   Level  Hunger
a - Magic Dart            Conj           ####         1%          1    None
b - Iskenderun's Mystic   Conj           ####....     4%          4    ####...
c - Iskenderun's Battles  Conj/Chrm      ###.....     38%         5    #####..


Dungeon Overview and Level Annotations

Branches:
Dungeon (4/15)
 Temple: D:4-7

Altars:
Gozag
Xom

Annotations:
D:3 Terence


Message History

Confirm wit' . or Enter, or press ? or * ta list all spells.
Aimin': Magic Dart
Press: ? - help, Shift-Dir - straight line, f/p - orc wizard
Aim: an orc wizard, wieldin' a dagger an' wearin' a robe (almost dead, slightly transparent) Tha magic dart hits tha orc wizard.
Ye kill tha orc wizard!
Yer Charms skill increases ta level 1!
Ye haf reached level 6!
Yer 'sperience leads ta an increase in yer attributes!
Increase (S)tr'ngth, (I)ntelligence, or (D)'sterity?
Ye feel stronger.
Tha orc wizard hits ye but does nay damage.
Castin': Magic Dart Confirm wit' . or Enter, or press ? or * ta list all spells.
Ye dinnae haf enough magic ta cast tha spell.
Unknown command.
Tha orc wizard hits ye wit' a dagger o' electrocution.
* * * LOW HITPOINT WARNIN'
* * * Tha orc wizard points at ye an' mumbles some strange words.
Tha magic dart hits ye!
Ye die...

............#....#
...##...#####....#
#...#........#
#...#....##+##
#...'....#..#
#....#....#..#
#....#....#..#
##.###....#..#
#####.@....#..#
#...#o.....#..#
+...#......#..#
#...#o.....#..#
#...#......#..#
#...#......#..#
#####+##'##......#'###
........o.)..........#
.....................#


You could see an orc wizard and an orc.

Vanquished Creatures
  A hound (D:4)
  A centaur skeleton (D:4)
  2 giant frog skeletons (D:4)
  An orc wizard (D:4)
  5 adders
  A howler monkey skeleton (D:4)
  A worm (D:2)
  A dart slug (D:3)
  5 giant geckos
  8 orcs
  4 giant cockroaches
  9 hobgoblins
  7 jackals
  5 kobolds
  A ball python (D:2)
  6 bats
  A giant gecko skeleton (D:4)
  A giant newt (D:2)
  5 goblins
  3 rats
68 creatures vanquished.

Notes
Turn   | Place    | Note
--------------------------------------------------------------
     0 | D:1      | Heedrag the Deep Elf Conjurer began the quest for the Orb.
     0 | D:1      | Reached XP level 1. HP: 10/10 MP: 6/6
   248 | D:1      | Reached XP level 2. HP: 15/15 MP: 6/8
   706 | D:1      | Reached skill level 5 in Conjurations
   996 | D:2      | Found a shimmering altar of Xom.
  1013 | D:2      | Reached XP level 3. HP: 19/19 MP: 3/10
  1344 | D:2      | Found a faded altar to an unknown god.
  1751 | D:3      | Reached XP level 4. HP: 24/24 MP: 8/11
  1763 | D:3      | Learned a level 4 spell: Iskenderun's Mystic Blast
  2040 | D:3      | Noticed Terence
  2188 | D:3      | Found an opulent altar of Gozag.
  2336 | D:4      | Reached skill level 6 in Conjurations
  2571 | D:4      | Reached XP level 5. HP: 28/28 MP: 9/13
  2841 | D:4      | Learned a level 5 spell: Iskenderun's Battlesphere
  2873 | D:4      | Reached skill level 5 in Spellcasting
  2913 | D:4      | Reached skill level 7 in Conjurations
  3009 | D:4      | Reached skill level 1 in Charms
  3009 | D:4      | Reached XP level 6. HP: 5/32 MP: 0/15
  3015 | D:4      | Killed from afar by an orc wizard

Skill      XL: |  1  2  3  4  5 |
---------------+----------------+-----
Conjurations   | 5 6 7 |  7.0
Spellcasting   | 4 5 |  5.3
Charms         | 1 |  1.1
Dodging        | |  2.4
Stealth        | |  2.4

Action                   |  1- 3 |  4- 6 || total
-------------------------+-------+-------++-------
Melee: Dagger            |     1 |     2 ||     3
 Cast: Magic Dart        |    76 |   102 ||   178
  Eat: Chunk             |     2 |     2 ||     4
       Beef jerky        |       |     1 ||     1
Armor: Robe              |     1 |     9 ||    10
Dodge: Dodged            |     5 |    26 ||    31
